 Dungeon Crawl Stone Soup version 0.20-a0-540-ge6d1839 (webtiles) character file.

647 polly the Cudgeler (level 7, -1/44 HPs)
             Began as a Gargoyle Fighter on Jan 29, 2017.
             Slain by a troll (5 damage)
             ... on level 5 of the Dungeon on Jan 30, 2017.
             The game lasted 00:07:00 (3858 turns).

polly the Cudgeler (Gargoyle Fighter)               Turns: 3858, Time: 00:07:01

Health: -1/44      AC: 19    Str: 23 (25) XL:     7   Next: 52%
Magic:  7/7        EV:  6    Int:  9 (12) God:
Gold:   228        SH: 10    Dex:  7 (9)  Spells: 6/6 levels left

rFire    . . .     SeeInvis .   a - +0 flail
rCold    . . .     Gourm    .   r - +1 chain mail {rPois}
rNeg     + . .     Faith    .   c - +0 shield
rPois    ∞         Spirit   .   v - +2 helmet {Int+3}
rElec    +         Reflect  .   (no cloak)
rCorr    .         Harm     .   y - +0 pair of gloves
MR       +....                  (no boots)
Stlth    ..........             (no amulet)
Regen    0.2/turn               o - ring of protection from magic
                                e - +4 ring of strength

@: no status effects
A: negative energy resistance 1, electricity resistance, unbreathing,
petrification resistance, rot immunity, AC +4
a: no special abilities


You were on level 5 of the Dungeon.
You were very hungry.

You visited 1 branch of the dungeon, and saw 5 of its levels.

You collected 228 gold pieces.

Inventory:

Hand Weapons
 a - a +0 flail (weapon)
Armour
 c - a +0 shield (worn)
 r - a +1 chain mail of poison resistance (worn)
 v - a +2 helmet of intelligence (worn)
 y - a +0 pair of gloves (worn)
Jewellery
 e - a +4 ring of strength (left hand)
 g - an uncursed ring of protection from fire
 m - an uncursed ring of resist corrosion
 o - a ring of protection from magic (right hand)
Wands
 l - a wand of confusion (28/48)
 n - a wand of confusion (21/48)
Scrolls
 j - a scroll of enchant armour
 k - a scroll of remove curse
 q - a scroll of magic mapping {unknown}
 x - 3 scrolls of identify
Potions
 b - a potion of agility {unknown}
 d - 4 potions of might
 h - a potion of cure mutation {unknown}
 i - a potion of experience
 p - a potion of degeneration
 w - a potion of heal wounds {unknown}
Books
 A - a book of Geomancy

   Spells                             Type                      Level
   a - Sandblast                      Earth                        1
   b - Passwall                       Transmutation/Earth          2
   c - Stone Arrow                    Conjuration/Earth            3
   d - Petrify                        Transmutation/Earth          4
   e - Lee's Rapid Deconstruction     Earth                        5
Comestibles
 f - 6 bread rations
 s - 4 fruits
 t - a royal jelly


   Skills:
 + Level 4.8 Fighting
 + Level 5.5 Maces & Flails
 + Level 4.3 Armour
 + Level 1.0 Dodging
 + Level 5.4 Shields


You had 6 spell levels left.
You didn't know any spells.

Dungeon Overview and Level Annotations

Branches:
Dungeon (5/15)
 Temple: D:4-7

Altars:
Hepliaklqana
Sif Muna
Uskayaw
Zin


Innate Abilities, Weirdness & Mutations

You are resistant to torment.
Your stone body is resilient. (AC +4)
You are immune to poison.
You resist negative energy. (rN+)
You are resistant to electric shocks. (rElec)
You can survive without breathing.
You are immune to petrification.
You are immune to rotting.


Message History

The leopard gecko bites you but does no damage.
You barely miss the troll.
The troll is moderately wounded.
The troll closely misses you. The troll barely misses you.
You block the troll's attack.
The leopard gecko bites you but does no damage.
You thump the troll!
The troll is severely wounded.
The leopard gecko completely misses you.
The troll barely misses you. The troll claws you. The troll barely misses you.
You hit the troll but do no damage.
The troll is severely wounded.
You block the leopard gecko's attack. The troll bites you.
* * * LOW HITPOINT WARNING * * *
You block the troll's attack. x2
The leopard gecko bites you but does no damage.
The troll bites you!
* * * LOW HITPOINT WARNING * * *
The troll claws you.
You die...

# ###...# #.
#.####### ###.###.
.......# #..##.
#.....# ##.##T
#.....# #....
#.....# ###.#
#.....###### #..#
#..T.......#### #...
#..@..####....###.##
#..l.)# ####.....##
####### #....##...
#..##....## #...#
###.## #.## #.# #
#.# ###


You could see a troll and a leopard gecko.

Vanquished Creatures
  A phantom (D:4)
  An ogre (D:4)
  A scorpion (D:4)
  A hound (D:4)
  2 orc priests
  4 orc wizards
  2 worker ants (D:4)
  Robin (D:3)
  8 gnolls
  An adder (D:3)
  A dart slug (D:1)
  2 leopard geckos (D:1)
  9 orcs
  A ball python (D:4)
  2 giant cockroaches (D:2)
  13 goblins
  9 hobgoblins
  6 jackals
  4 kobolds
  4 bats
  4 frilled lizards
  7 rats
84 creatures vanquished.

Notes
Turn   | Place    | Note
-------+----------+-------------------------------------------
     0 | D:1      | polly the Gargoyle Fighter began the quest for the Orb.
     0 | D:1      | Reached XP level 1. HP: 14/14 MP: 1/1
   183 | D:1      | Reached XP level 2. HP: 15/19 MP: 2/2
   902 | D:2      | Reached XP level 3. HP: 23/23 MP: 3/3
  1584 | D:3      | Noticed Robin
  1621 | D:3      | Killed Robin
  1621 | D:3      | Reached XP level 4. HP: 19/29 MP: 4/4
  1769 | D:3      | Found a hazy altar of Hepliaklqana.
  1830 | D:3      | Reached XP level 5. HP: 11/33 MP: 5/5
  2522 | D:4      | Noticed an ogre
  2529 | D:4      | Killed an ogre
  2529 | D:4      | Reached XP level 6. HP: 22/38 MP: 6/6
  2893 | D:4      | Noticed a phantom
  2918 | D:4      | Killed a phantom
  2918 | D:4      | Reached skill level 5 in Maces & Flails
  2918 | D:4      | Reached skill level 1 in Dodging
  2918 | D:4      | Reached XP level 7. HP: 37/44 MP: 7/7
  2933 | D:4      | Reached skill level 5 in Shields
  3041 | D:4      | Found a glowing silver altar of Zin.
  3044 | D:4      | Found a hide-covered altar of Uskayaw.
  3045 | D:4      | Found a deep blue altar of Sif Muna.
  3227 | D:5      | Entered Level 5 of the Dungeon
  3563 | D:5      | Noticed a troll
  3580 | D:5      | HP: 2/44 [troll (9)]
  3858 | D:5      | Slain by a troll

Vault maps used:
D:1:      lightli_arrival_flooded_house
D:2:      first_bread
D:3:      nicolae_overflow_crystal_walls, uniq_robin
D:4:      nicolae_overflow_hidden_temple, hangedman_decor_slide_cut

Skill      XL: |  1  2  3  4  5  6  7 |
---------------+----------------------+-----
Maces & Flails | 3 4 5 |  5.5
Shields        | 4 5 |  5.4
Fighting       | 4 |  4.8
Armour         | 4 |  4.3
Dodging        | 1 |  1.0

Action                   |  1- 3 |  4- 6 |  7- 9 || total
-------------------------+-------+-------+-------++-------
Melee: Flail             |   167 |   191 |   127 ||   485
Evoke: Wand              |       |       |     1 ||     1
  Use: Scroll            |       |     5 |     1 ||     6
       Potion            |       |       |     2 ||     2
  Eat: Chunk             |     1 |     6 |     2 ||     9
Armor: Scale mail        |    77 |       |       ||    77
       Chain mail        |    32 |   125 |   120 ||   277
Dodge: Dodged            |    54 |    32 |    55 ||   141
Block: Shield            |   100 |   112 |   112 ||   324
